 Dungeon Crawl Stone Soup version 0.26.0-16-gc1dbca0489 (webtiles) character file.

Game seed: 3092534292929254449

121 kaeus the Skirmisher (level 4, 0/37 HPs)
             Began as a Demonspawn Berserker on Jan 20, 2021.
             Was a Believer of Trog.
             Killed by nerve-wracking pain
             ... invoked by an orc priest
              (13 damage)
             ... on level 3 of the Dungeon.
             The game lasted 00:05:35 (2286 turns).

kaeus the Skirmisher (Demonspawn Berserker)         Turns: 2286, Time: 00:05:35

Health: 0/37       AC:  8    Str: 24    XL:     4   Next: 76%
Magic:  4/4        EV: 11    Int:  9    God:    Trog [**....]
Gold:   155        SH:  0    Dex: 12    Spells: 3/3 levels left

rFire    . . .     SeeInvis .   a - +0 hand axe
rCold    . . .     Faith    .   (no shield)
rNeg     . . .     Spirit   .   c - +0 scale mail
rPois    .         Reflect  .   (no helmet)
rElec    .         Harm     .   (no cloak)
rCorr    .         Rampage  .   b - +0 pair of gloves
Will     .....                  (no boots)
Stlth    ..........             (no amulet)
HPRegen  0.12/turn              (no ring)
MPRegen  0.09/turn              n - +6 ring of strength

@: no status effects
A: demonic guardian 1, sharp scales 1
a: Renounce Religion, Berserk, Trog's Hand


You were on level 3 of the Dungeon.
You worshipped Trog.
Trog was pleased with you.
You visited 1 branch of the dungeon, and saw 3 of its levels.

You collected 155 gold pieces.

Inventory:

Hand Weapons
 a - a +0 hand axe (weapon)
Armour
 b - a +0 pair of gloves (worn)
 c - a +0 scale mail (worn)
 j - a -2 kite shield
Jewellery
 h - an uncursed ring of wizardry
 n - a +6 ring of strength (right hand)
Scrolls
 e - 2 scrolls of identify
 i - a scroll of enchant armour
 l - a scroll of enchant weapon {unknown}
 m - a scroll of amnesia {unknown}
Potions
 d - a potion of degeneration {unknown}
 f - a potion of ambrosia {unknown}
 g - 2 potions of heal wounds {unknown}
 k - a potion of berserk rage {unknown}


   Skills:
 + Level 3.9 Fighting
 + Level 3.6 Axes
 + Level 2.9 Armour
 - Level 2.0 Dodging


You had 3 spell levels left.
You didn't know any spells.
Your spell library was empty.

Dungeon Overview and Level Annotations

Branches:
Dungeon (3/15)

Altars:
Dithmenos
Sif Muna
Uskayaw


Innate Abilities, Weirdness & Mutations

A weak demonic guardian rushes to your aid.
You are partially covered in razor-sharp scales. (AC +1, Slay +1)


Message History

The orc priest invokes the aid of Beogh against you.
You barely resist.
Your shadow imp hits the kobold.
The kobold dies!
Trog accepts your kill.
Your shadow imp gestures at the orc.
The orc writhes in agony.
The orc barely misses your quasit.
Your shadow imp barely misses the orc.
The orc priest invokes the aid of Beogh against you.
Pain shoots through your body!
Your quasit barely misses the orc.
Your quasit completely misses the orc.
Your quasit claws the orc.
Your shadow imp hits the orc.
The orc dies!
Trog accepts your kill.
You see here a rat corpse.
Your quasit bites the orc priest.
Your quasit claws the orc priest but does no damage. x2
The orc priest mumbles some strange prayers to Beogh against you.
Pain shoots through your body!
You die...

.........# #.## #..........
.........# ##..#####.........#
.........###>......)†#......##
.#...?.... .#.##....########
.......r.# #....#.##
#.....5o#####....#.#
#.....5....##..#.#.#
............#..##....
.#..........†@###.....
#...........## #.....#
............## #.....#
#.......##### #.....#
#......## .....# #...... ..


You could see an orc priest, a rat, a friendly quasit (summoned) and a friendly
shadow imp (summoned).

Vanquished Creatures
  An orc priest (D:2)
  An orc wizard (D:2)
  2 adders (D:2)
  A dart slug (D:2)
  A leopard gecko (D:3)
  An orc (D:2)
  2 giant cockroaches
  9 goblins
  6 hobgoblins
  3 kobolds (D:1)
  A quokka (D:2)
  5 bats
  4 frilled lizards (D:1)
  8 rats
45 creatures vanquished.

Vanquished Creatures (collateral kills)
  An orc (D:3)
  A kobold (D:3)
2 creatures vanquished.

Vanquished Creatures (others)
  11 plants (D:1)
11 creatures vanquished.

Grand Total: 58 creatures vanquished

Notes
Turn   | Place    | Note
-------+----------+-------------------------------------------
     0 | D:1      | kaeus the Demonspawn Berserker began the quest for the Orb.
     0 | D:1      | Reached XP level 1. HP: 18/18 MP: 1/1
   207 | D:1      | Gained mutation: You are partially covered in razor-sharp
                  | scales. (AC +1, Slay +1) [demonic ancestry]
   207 | D:1      | Reached XP level 2. HP: 4/24 MP: 2/2
  1245 | D:2      | Reached ** piety under Trog
  1277 | D:2      | Reached XP level 3. HP: 29/29 MP: 3/3
  1453 | D:2      | Gained mutation: A weak demonic guardian rushes to your
                  | aid. [demonic ancestry]
  1453 | D:2      | Reached XP level 4. HP: 5/37 MP: 4/4
  1829 | D:2      | Found a shadowy altar of Dithmenos.
  2054 | D:2      | Found a shimmering blue altar of Sif Muna.
  2056 | D:2      | Found a hide-covered altar of Uskayaw.
  2286 | D:3      | Killed from afar by an orc priest

Illustrated notes

Levels and vault maps discovered:
D:1:      roderic_crop_circles_arrival_small, layout_basic, grunt_decor_clamped
D:2:      layout_loops_corners, grunt_dithmenos_smoke_and_mirrors,
          chequers_temple_overflow_statue_of_worship
D:3:      layout_rooms

Skill      XL: |  1  2 |
---------------+-------+-----
Dodging        | 2 |  2.0
Armour         | 2 |  2.9
Axes           | 3 |  3.6
Fighting       | |  3.9

Action                   |  1- 3 |  4- 6 || total
-------------------------+-------+-------++-------
Melee: Hand axe          |    91 |    31 ||   122
Invok: Trog's Hand       |       |     1 ||     1
  Use: Scroll            |     4 |       ||     4
Armor: Animal skin       |     3 |       ||     3
       Scale mail        |    32 |    17 ||    49
       Ring mail         |     7 |       ||     7
Dodge: Dodged            |    45 |    15 ||    60
